 Dungeon Crawl Stone Soup version 0.31-a0-234-gad7ace16ef (webtiles) character file.

Game seed: 4343630716761927514

42 qw the Shooter (level 3, 0/29 HPs)
             Began as a Minotaur Hexslinger on July 9, 2023.
             Killed from afar by Natasha (9 damage)
             ... with a magic dart
             ... on level 2 of the Dungeon.
             The game lasted 00:00:22 (1148 turns).

qw the Shooter (Minotaur Hexslinger)                Turns: 1148, Time: 00:00:23

Health: 0/29       AC:  2    Str: 12    XL:     3   Next: 35%
Magic:  1/1        EV: 12    Int: 10    God:
Gold:   49         SH:  0    Dex: 14    Spells: 3/4 levels left

rFire   + + +        a - +5 sling "Ziqe" {antimagic, rElec rF++ rN+ Will-}
rCold   . . .        (no shield)
rNeg    + . .        c - +0 robe
rPois   .            (helmet restricted)
rElec   +            (no cloak)
rCorr   .            (no gloves)
SInv    .            (no boots)
Will    .....        (no amulet)
Stlth   +            d - ring of protection from fire
HPRegen 0.24/turn    (no ring)
MPRegen 0.07/turn

%: no passive effects
@: no status effects
A: horns 2, retaliatory headbutt
a: no special abilities


You were on level 2 of the Dungeon.
You visited 1 branch of the dungeon, and saw 2 of its levels.

You collected 49 gold pieces.


Innate Abilities, Weirdness & Mutations

You have a pair of horns on your head.
You reflexively headbutt those who attack you in melee.


   Skills:
 - Level 2.0 Fighting
 + Level 3.9 Ranged Weapons
 - Level 2.1 Dodging
 - Level 1.0 Spellcasting
 - Level 2.0 Hexes


You had 3 spell levels left.
You knew the following spells:

 Your Spells              Type           Power      Damage    Failure   Level
a - Slow                  Hex            16%        N/A       16%         1

Your spell library contained the following spells:

 Spells                   Type           Power      Damage    Failure   Level
 Inner Flame              Hex/Fire       2%         N/A       56%         3
 Portal Projectile        Hex/Tloc       4%         N/A       56%         3
 Cause Fear               Hex            2%         N/A       83%         4

Inventory:

Hand Weapons
 a - the +5 sling "Ziqe" (weapon) {antimagic, rElec rF++ rN+ Will-}
   (You found it on level 2 of the Dungeon)

   rF:        It greatly protects you from fire.
   rElec:     It insulates you from electricity.
   rN:        It protects you from negative energy.
   Will:      It decreases your willpower.
Armour
 c - a +0 robe (worn)
Jewellery
 d - a ring of protection from fire (left hand)
 h - a ring of magical power
Scrolls
 f - a scroll of fog {unknown}
 g - a scroll of identify
Potions
 b - a potion of brilliance
 e - a potion of haste {unknown}

Dungeon Overview and Level Annotations

Branches:
Dungeon (2/15)

Altars:

Annotations:
D:2 Natasha


Message History

Found a quarterstaff.
Enter note:
Enter note: A bat comes into view.
Enter note:
Enter note: You shoot a sling bullet.
The sling bullet hits the bat.
You kill the bat!
f - a scroll labelled NUEPUO SAARUROLAL
Enter note:
Enter note: A hobgoblin comes into view.
Found a stone staircase leading down.
Enter note:
Enter note: You shoot a sling bullet.
The sling bullet hits the hobgoblin!
You kill the hobgoblin!
There is a stone staircase leading down here.
You see here a hobgoblin corpse.
h - a ring of magical power
Enter note:
Enter note: Natasha, Servant of Life and Death comes into view.
Natasha hisses angrily.
Enter note:
Enter note: You shoot a sling bullet.
The sling bullet misses Natasha.
Natasha drinks a potion.
Natasha's spells are empowered!
You shoot a sling bullet.
The sling bullet closely misses Natasha.
Natasha stares at you and mumbles some strange words.
The magic dart hits you!
You shoot a sling bullet. The sling bullet hits Natasha.
Natasha's magic leaks into the air.
Natasha is heavily wounded.
Natasha stares at you and mumbles some strange words.
The magic dart hits you! Natasha casts a spell at you. The magic dart hits you!
You die...

########
#.@....#
#.####.#
#. #.# .h
#.# ...
#.# ##..
###.####
###
#......#
#######
#.#..#.##
#.....#
#.#.....#


You could see Natasha (empowered, magic disrupted).

Vanquished Creatures
  An adder (D:2)
  3 bats
  4 endoplasms (D:1)
  A giant cockroach (D:1)
  2 goblins (D:1)
  2 hobgoblins
  3 jackals (D:1)
  4 kobolds
  2 quokkas (D:1)
  3 ball pythons
  2 frilled lizards (D:1)
  2 rats (D:1)
29 creatures vanquished.

Notes
Turn   | Place    | Note
-------+----------+-------------------------------------------
     0 | D:1      | qw the Minotaur Hexslinger began the quest for the Orb.
     0 | D:1      | Reached XP level 1. HP: 16/16 MP: 1/1
     0 | D:1      | 0 ||| qw: Version: 0.3-a-51-g015441d
     0 | D:1      | 0 ||| qw: Game counter: 4083
     0 | D:1      | 0 ||| qw: Melee chars always use a shield: true
     0 | D:1      | 0 ||| qw: God list: Okawaru
     0 | D:1      | 0 ||| qw: Allow faded altars: false
     0 | D:1      | 0 ||| qw: Do Orc after clearing Dungeon:15 true
     0 | D:1      | 0 ||| qw: Do second Lair branch before Depths: true
     0 | D:1      | 0 ||| qw: Lair rune preference: random
     0 | D:1      | 0 ||| qw: Goals: Normal
     0 | D:1      | 0 ||| PLANNING D:1-11
   100 | D:1      | Reached skill level 3 in Ranged Weapons
   108 | D:1      | Reached XP level 2. HP: 23/23 MP: 2/2
   896 | D:1      | 896 ||| UPGRADING to ring of protection from fire.
   897 | D:1      | 897 ||| READING scroll labelled JUKHYI XUCE.
   898 | D:1      | 898 ||| READING 2 scrolls labelled NIECOMUAXT.
   899 | D:1      | 899 ||| READING scroll labelled JAGENO EPLAIS.
   900 | D:1      | 900 ||| DROPPING scroll of poison.
   935 | D:2      | Reached XP level 3. HP: 27/29 MP: 3/3
   950 | D:2      | Identified the +5 sling "Ziqe" {antimagic, rElec rF++ rN+
                  | Will-}
   952 | D:2      | 952 ||| SWAPPING to +5 sling "Ziqe" {antimagic, rElec rF++
                  | rN+ Will-}.
   953 | D:2      | 953 ||| DROPPING +1 sling.
  1145 | D:2      | Noticed Natasha
  1148 | D:2      | Killed from afar by Natasha

Levels and vault maps discovered:
D:1:      kennysheep_arrival_seaside, layout_basic
D:2:      layout_loops_cross, shapermc_ecumenical_altar_mp_urbaneastern,
          uniq_sigmund, uniq_natasha

Skill      XL: |  1  2 |
---------------+-------+-----
Ranged Weapons | 3 |  3.9
Fighting       | 2 |  2.0
Dodging        | |  2.1
Spellcasting   | |  1.0
Hexes          | |  2.0

Action                     || total
---------------------------++-------
   Fire: Sling             ||    91
    Use: Scroll            ||     3
 Armour: Robe              ||     5
  Dodge: Dodged            ||    24

Table legend:
 A = Non-vault XP
 B = Vault XP
 C = Vault XP percentage of total XP
 D = Non-vault monster count
 E = Vault monster count
 F = Vault count percentage of total count
                 A         B        C        D         E       F
            +---------+---------+-------+---------+---------+-------
      Total |      61 |       0 |   0.0 |      29 |       0 |   0.0
            +---------+---------+-------+---------+---------+-------
        D:1 |      37 |       0 |   0.0 |      22 |       0 |   0.0
        D:2 |      24 |       0 |   0.0 |       7 |       0 |   0.0
            +---------+---------+-------+---------+---------+-------
